 Dungeon Crawl Stone Soup version 0.28-b1-70-g80dc712255 (webtiles) character file.

Game seed: 9174401576424571565

166 pkoi the Gusty (level 5, -4/38 HPs)
             Began as a Draconian Air Elementalist on Feb 3, 2022.
             Slain by a phantom (7 damage)
             ... on level 3 of the Dungeon.
             The game lasted 00:03:45 (2711 turns).

pkoi the Gusty (Draconian Air Elementalist)         Turns: 2711, Time: 00:03:46

Health: -4/38      AC:  5    Str: 11    XL:     5   Next: 22%
Magic:  1/9        EV: 12    Int: 17    God:
Gold:   114        SH:  0    Dex: 11    Spells: 5/9 levels left

rFire   . . .      SeeInvis .   e - +1 whip
rCold   . . .      Faith    .   (no shield)
rNeg    . . .      Spirit   .   (armour unavailable)
rPois   .          Reflect  .   (helmet restricted)
rElec   .          Harm     .   (no cloak)
rCorr   .          Rampage  .   (no gloves)
Will    .....                   (no boots)
Stlth   ++........              (no amulet)
HPRegen 0.12/turn               (no ring)
MPRegen 0.11/turn               (no ring)

@: hasted, very quick
A: AC +5, unfitting armour, cold-blooded
a: no special abilities


You were on level 3 of the Dungeon.
You visited 1 branch of the dungeon, and saw 3 of its levels.

You collected 114 gold pieces.

Inventory:

Hand Weapons
 e - a +1 whip (weapon)
Wands
 k - a wand of flame (16)
Scrolls
 a - 2 scrolls of fog
 c - a scroll of teleportation
 f - 4 scrolls of fear {unknown}
 h - a scroll of identify {unknown}
 i - a scroll of amnesia {unknown}
Potions
 d - a potion of ambrosia {unknown}
 g - a potion of attraction {unknown}
 j - a potion of flight {unknown}
 l - 2 potions of might {unknown}


   Skills:
 - Level 1.7 Dodging
 - Level 1.7 Stealth
 + Level 2.8 Spellcasting
 * Level 3.2 Conjurations
 * Level 4.4 Air Magic


You had 5 spell levels left.
You knew the following spells:

 Your Spells              Type           Power      Damage    Failure   Level
a - Shock                 Conj/Air       60%        1d6       3%          1
b - Swiftness             Air            17%        N/A       9%          3

Your spell library contained the following spells:

 Spells                   Type           Power      Damage    Failure   Level
 Static Discharge         Conj/Air       15%        N/A       5%          2
 Airstrike                Air            8%         N/A       28%         4


Dungeon Overview and Level Annotations

Branches:
Dungeon (3/15)

Altars:


Innate Abilities, Weirdness & Mutations

Your plain brown scales are hard. (AC +5)
You cannot fit into any form of body armour.
You are cold-blooded and may be slowed by cold attacks.


Message History

Press: ? - help, Q - select action, (/) - cycle Shift-Dir - straight line The zap misses the phantom. x2; The zap hits the endoplasm.
The endoplasm is heavily wounded.
The phantom hits you but does no damage.
Unknown command.
Aiming: Shock (safe; 3% risk of failure)
Press: ? - help, Q - select action, (/) - cycle Shift-Dir - straight line The zap hits the phantom.
The phantom is heavily damaged.
The zap hits the phantom.
The phantom is severely damaged.
The zap hits the endoplasm.
The endoplasm is almost dead.
The endoplasm jiggles.
The phantom hits you.
The phantom blinks!
You blink.
Aiming: Shock (safe; 3% risk of failure)
Press: ? - help, Q - select action, (/) - cycle Shift-Dir - straight line, f - phantom
Aim: a phantom (severely damaged, 60% to hit)
That beam is likely to hit you.
Continue anyway?
Okay, then.
Unknown command.
A quokka comes into view.
The phantom barely misses you.
Aiming: Shock (safe; 3% risk of failure)
Press: ? - help, Q - select action, (/) - cycle Shift-Dir - straight line, p - phantom The zap hits the phantom.
The phantom is almost destroyed.
The zap hits the phantom.
The phantom is almost destroyed.
The phantom hits you.
The phantom blinks!
You blink.
You don't have enough magic to cast this spell.
The phantom hits you.
* * * LOW HITPOINT WARNING * * *
The phantom blinks!
You blink.
You closely miss the phantom.
Your tail-slap misses the phantom.
The phantom is almost destroyed.
The phantom hits you.
* * * LOW HITPOINT WARNING * * *
It was a potion of haste.
You feel yourself speed up. The phantom hits you!
You die...

.......#.#.# #.#.#........#
.##.####.#.###.#..<.#<.##.#
(#..# .......#............
.#.#######.###........#.####.#
................>#.<....... #
.#.#######.#.#.#.#.###.#..#
.#.# #.#.#.#.#......##
.#.#######.#§#.#.#..##....
...........§.#JW@#..# #.
.#######.#.....#....# .#
.....#.#.#.## .# #.###...#.#.#
.# ...###§.##.#.#
##########....##.#.##
)).._....#.##.##.#..#
########.#. #.##.#.##
#.#.##r##.#.#


You could see a phantom and an endoplasm.

Vanquished Creatures
  A gnoll shaman (D:2)
  An orc priest (D:3)
  Natasha (D:3)
  5 gnolls
  An adder (D:2)
  3 orcs (D:3)
  3 bats
  2 endoplasms
  3 giant cockroaches
  A quokka (D:2)
  4 ball pythons
  2 frilled lizards (D:2)
  3 kobolds
  3 rats
33 creatures vanquished.

Notes
Turn   | Place    | Note
-------+----------+-------------------------------------------
     0 | D:1      | pkoi the Draconian Air Elementalist began the quest for the
                  | Orb.
     0 | D:1      | Reached XP level 1. HP: 14/14 MP: 3/3
   459 | D:1      | You fall into a shaft and drop 1 floor!
   797 | D:2      | Reached XP level 2. HP: 20/20 MP: 3/5
  1268 | D:2      | Reached XP level 3. HP: 25/26 MP: 2/6
  1693 | D:1      | Learned a level 3 spell: Swiftness
  1700 | D:2      | Reached XP level 4. HP: 29/33 MP: 1/7
  1708 | D:1      | Reached skill level 4 in Air Magic
  2416 | D:3      | Found a faded altar of an unknown god.
  2509 | D:3      | Reached XP level 5. HP: 28/38 MP: 4/9
  2608 | D:3      | Noticed Natasha
  2615 | D:3      | Killed Natasha
  2657 | D:3      | Noticed a phantom
  2711 | D:3      | Slain by a phantom

Illustrated notes

Levels and vault maps discovered:
D:1:      wander_arrival_lonely_grave, layout_rooms, hangedman_decor_opposing,
          minmay_statues_item, minivault_14, lemuel_another_geyser
D:2:      layout_basic
D:3:      layout_basic, basic_ecumenical_altar,
          minmay_fractal_squares_diagonal_5, uniq_grinder, uniq_natasha,
          uniq_ijyb, uniq_robin

Skill      XL: |  1  2  3  4 |
---------------+-------------+-----
Conjurations   | 2 3 |  3.2
Air Magic      | 4 |  4.4
Dodging        | |  1.7
Stealth        | |  1.7
Spellcasting   | |  2.8

Action                   |  1- 3 |  4- 6 || total
-------------------------+-------+-------++-------
Melee: Unarmed           |    24 |       ||    24
       Tailslap          |     1 |     2 ||     3
       Punch             |     1 |       ||     1
       Whip              |     1 |    13 ||    14
 Cast: Shock             |    52 |    39 ||    91
  Use: Scroll            |     5 |       ||     5
       Potion            |       |     1 ||     1
Armor: Skin              |     8 |     3 ||    11
Dodge: Dodged            |    28 |    18 ||    46
